 Dungeon Crawl Stone Soup version 0.31-a0-1272-g9f703e4c1d (webtiles) character file.

Game seed: 13095590709597456736

2291 James the Grappler (level 9, -1/61 HPs)
             Began as an Octopode Shapeshifter on Dec 17, 2023.
             Was a Believer of Uskayaw.
             Shot with an arrow by a centaur (16 damage)
             ... on level 7 of the Dungeon.
             The game lasted 00:20:09 (8291 turns).

James the Grappler (Octopode Shapeshifter)          Turns: 8291, Time: 00:20:09

Health: -1/61      AC:  5    Str: 28    XL:     9   Next: 40%
Magic:  9/9        EV: 14    Int: 18    God:    Uskayaw [**....]
Gold:   788        SH:  0    Dex: 11    Spells: 8/8 levels left

rFire   . . .        b - +0 sling of the Lamprey {freeze, Str+4}
rCold   . . .        (no shield)
rNeg    . . .        (helmet currently unavailable)
rPois   +            (no amulet)
rElec   .            z - ring of see invisible
rCorr   .            q - +6 ring of intelligence
SInv    +            r - +4 ring of protection
Will    .....        l - +6 ring of strength
Stlth   ++           C - ring of poison resistance
HPRegen 0.30/turn    (no ring)
MPRegen 0.11/turn    (no ring)
                     (no ring)

%: no passive effects
@: beast-form
A: beast (slay +4), almost no armour, amphibious, 8 rings, camouflage 1,
gelatinous body 1, (nimble swimmer 1), tentacles
a: Begin Untransformation, Renounce Religion, Stomp, Line Pass


You were on level 7 of the Dungeon.
You worshipped Uskayaw.
Uskayaw was noncommittal.
You were a hulking beast.
You visited 2 branches of the dungeon, and saw 8 of its levels.
You also visited: Sewer.

You collected 788 gold pieces.

Inventory:

Hand Weapons
 b - the +0 sling of the Lamprey (weapon) {freeze, Str+4}
   (You found it on level 4 of the Dungeon)

   Str+4:     It affects your strength (+4).
 d - a +0 trident
   (You found it on level 1 of the Dungeon)
 h - a +2 dagger of electrocution
   (You took it off an orc on level 5 of the Dungeon)
 i - a +1 short sword of flaming
   (You took it off a kobold on level 1 of the Dungeon)
 o - a +1 whip of electrocution
   (You took it off a kobold on level 6 of the Dungeon)
 F - a +0 rapier
   (You found it in a sewer)
Missiles
 f - 94 stones
 j - 13 poisoned darts
 w - a curare-tipped dart {!f}
 G - a boomerang
Jewellery
 l - a +6 ring of strength (on tentacle)
   (You acquired it on level 6 of the Dungeon)
 q - a +6 ring of intelligence (right tentacle)
   (You found it on level 2 of the Dungeon)
 r - a +4 ring of protection (on tentacle)
   (You found it on level 2 of the Dungeon)
 z - a ring of see invisible (left tentacle)
   (You found it on level 1 of the Dungeon)
 C - a ring of poison resistance (on tentacle)
   (You found it on level 6 of the Dungeon)
Talismans
 c - a flux talisman
 k - a beast talisman
 x - a maw talisman
   (You found it on level 6 of the Dungeon)
Wands
 t - a wand of flame (12)
   (You took it off Robin on level 3 of the Dungeon)
 v - a wand of digging (3)
   (You found it on level 3 of the Dungeon)
Scrolls
 s - 4 scrolls of teleportation {@r4}
 y - a scroll of enchant weapon {unknown}
 B - 3 scrolls of enchant armour
 E - a scroll of poison
Potions
 a - 4 potions of lignification {!q}
 e - 3 potions of might
 g - 6 potions of curing {@q1}
 m - a potion of cancellation {unknown}
 n - 2 potions of heal wounds {unknown}
 p - 3 potions of brilliance
 u - 3 potions of ambrosia
 A - a potion of resistance {unknown}
 D - 2 potions of magic


   Skills:
 - Level 5.0 Fighting
 - Level 4.0 Dodging
 + Level 8.7 Unarmed Combat
 - Level 7.0 Shapeshifting


You had 8 spell levels left.
You didn't know any spells.
Your spell library contained the following spells:

 Spells                   Type           Power      Damage    Failure   Level
 Inner Flame              Hex/Fire       0%         N/A       54%         3
 Brom's Barrelling Bould  Conj/Erth      0%         2d3       91%         4
 Flame Wave               Conj/Fire      0%         2d4       91%         4
 Leda's Liquefaction      Tmut/Erth      0%         N/A       91%         4
 Sticky Flame             Conj/Fire      0%         2d3       91%         4
 Vhi's Electric Charge    Tloc/Air       0%         N/A       91%         4
 Arcjolt                  Conj/Air       0%         1d10      99%         5
 Fireball                 Conj/Fire      0%         3d3       99%         5
 Iskenderun's Battlesphe  Conj           0%         2d6       99%         5
 Lee's Rapid Deconstruct  Erth           0%         3d4*      99%         5
 Bombard                  Conj/Erth      0%         9d1       100%        6
 Conjure Ball Lightning   Conj/Air       0%         3x3d6     100%        6
 Plasma Beam              Fire/Air       0%         2x1d10    100%        6
 Haunt                    Necr/Summ      0%         N/A       100%        7
 Orb of Destruction       Conj           0%         9d5       100%        7
 Borgnjor's Revivificati  Necr           0%         N/A       100%        8
 Death's Door             Necr           0%         N/A       100%        9


Dungeon Overview and Level Annotations

Branches:
Dungeon (7/15)             Temple (1/1) D:7           Sewer (visited)

Altars:
Ashenzari
Cheibriados
Dithmenos
Elyvilon
Fedhas
Gozag
Hepliaklqana
Kikubaaqudgha
Makhleb
Okawaru
Qazlal
Ru
Sif Muna
Uskayaw
Vehumet
Wu Jian
Xom
Yredelemnul
Zin
The Shining One

Shops:
D:3 ?   D:7 *

Annotations:
D:3 3 runed translucent doors, Pascal76's ghost, amateur MiFi
Temple 2 transporters


Innate Abilities, Weirdness & Mutations

You are a hulking beast.
Your limbs bulge with bestial killing power. (Slay +4)
You cannot wear most types of armour.
You are amphibious.
You can wear up to eight rings at the same time.
Your skin changes colour to match your surroundings (Stealth+).
Your rubbery body absorbs attacks. (AC +1, EV +1)
((You are camouflaged when in or above water. (Stealth+)))
You have tentacles for arms and can constrict up to eight enemies at once.


Message History

You constrict the crimson imp. You tentacle-slap the crimson imp.
You squeeze the crimson imp!
You kill the crimson imp!
The crimson imp misses you.
Uskayaw will force your foes to share their pain.
Uskayaw prepares the audience for your solo!
Uskayaw links your audience in an emotional bond!
The helpless crimson imp fails to defend itself.
You batter the crimson imp!!
You kill the white imp! x2; You kill the crimson imp!
The white imp is no longer paralysed.
The white imp completely misses you.
There is an open door here.
You see here 322 gold pieces.
You bludgeon the white imp!
You kill the white imp!
You can now merge with and destroy a victim.
No target in view!
No target in view!
You feel stronger.
The +0 sling of the Lamprey {freeze, Str+4} is covered in frost.
b - the +0 sling of the Lamprey (weapon)
{freeze, Str+4} You now have enough gold to buy a wand of flame (30) on this level.
You now have 788 gold pieces (gained 322).
There is an open door here.
Uskayaw will no longer force your foes to helplessly watch your dance.
Unknown command.
Found a short sword.
You see here a +0 short sword.
Found a ring of poison resistance.
You see here a ring of poison resistance.
A centaur comes into view.
The centaur wields a +0 orcbow.
The centaur shoots an arrow.
The arrow hits you!
You shoot a sling bullet. The sling bullet hits the centaur.
The sling bullet freezes the centaur.
The centaur shoots an arrow.
The arrow hits you.
The centaur shoots an arrow.
The arrow closely misses you.
You shoot a sling bullet.
The sling bullet completely misses the centaur.
The centaur shoots an arrow.
The arrow hits you!
The centaur shoots an arrow.
The arrow hits you.
You shoot a sling bullet. The sling bullet hits the centaur.
The sling bullet freezes the centaur.
The centaur shoots an arrow.
The arrow hits you!
* * * LOW HITPOINT WARNING * * *
You can now pass through a line of other dancers.
The centaur shoots an arrow.
The arrow closely misses you.
The centaur shoots an arrow.
The arrow hits you!
* * * LOW HITPOINT WARNING * * *
The centaur shoots an arrow.
The arrow hits you!
You die...

#...#.# #.#
#.###.# #.#.# #.#
#.# #.. #.# #.#
#.. #.# #.# #c#
#.# #.# ... #.#
#.# #.# #.###.#
#.# #.....# #h#
################.#
.................#
################.#
###


You could see a centaur.

Vanquished Creatures
  A water moccasin (D:6)
  2 black bears
  2 ice beasts
  A centaur (D:7)
  3 ogres
  2 kobold brigands
  5 scorpions
  5 killer bees (D:6)
  A jelly (D:6)
  6 crimson imps (D:7)
  A hound (D:4)
  An orc priest (D:7)
  An iguana (D:7)
  A sleepcap (D:7)
  A hell rat (Sewer)
  3 orc wizards
  Robin (D:3)
  7 gnolls
  11 adders
  A river rat (Sewer)
  3 shadow imps
  4 white imps
  4 ufetubi
  5 worms
  3 dart slugs
  21 orcs
  10 ball pythons
  4 bats
  7 endoplasms
  A giant cockroach (D:3)
  10 goblins
  11 hobgoblins
  7 quokkas
  4 frilled lizards
  15 kobolds
  11 rats
176 creatures vanquished.

Notes
Turn   | Place    | Note
-------+----------+-------------------------------------------
     0 | D:1      | James the Octopode Shapeshifter began the quest for the
                  | Orb.
     0 | D:1      | Reached XP level 1. HP: 13/13 MP: 1/1
   229 | D:1      | Reached XP level 2. HP: 18/18 MP: 2/2
   899 | D:1      | Reached skill level 4 in Unarmed Combat
  1060 | D:1      | Reached XP level 3. HP: 22/23 MP: 3/3
  1208 | D:2      | You fall into a shaft and drop 2 floors!
  1396 | D:4      | Noticed an ogre
  1413 | D:4      | Identified the +0 sling of the Lamprey {freeze, Str+4}
  1494 | D:3      | Reached XP level 4. HP: 30/30 MP: 4/4
  1666 | D:3      | Noticed Robin
  1950 | D:2      | Found a basalt altar of Yredelemnul.
  2010 | D:2      | Reached XP level 5. HP: 37/37 MP: 5/5
  2272 | D:2      | Found a basalt altar of Yredelemnul.
  2481 | D:3      | Found Qiedeaxt's Magic Scroll Shoppe.
  2589 | D:3      | Killed Robin
  2636 | D:3      | Found a runed translucent gate.
  2636 | D:3      | Found a runed translucent gate.
  2636 | D:3      | Found a runed translucent gate.
  2637 | D:3      | Noticed Pascal76's ghost (amateur MiFi)
  2806 | D:3      | Reached XP level 6. HP: 43/43 MP: 6/6
  3300 | D:4      | Found an ornate altar of the Wu Jian Council.
  3336 | D:4      | Found a hazy altar of Hepliaklqana.
  3344 | D:4      | Reached skill level 5 in Unarmed Combat
  3497 | D:4      | Reached XP level 7. HP: 46/48 MP: 7/7
  3772 | D:5      | Entered Level 5 of the Dungeon
  3773 | D:5      | Found a glowing drain.
  3792 | D:5      | Reached skill level 6 in Unarmed Combat
  3835 | Sewer    | Entered a sewer
  4562 | D:5      | Reached skill level 5 in Shapeshifting
  4636 | D:5      | Found a radiant altar of Vehumet.
  5200 | D:5      | Reached skill level 5 in Fighting
  5203 | D:5      | Reached XP level 8. HP: 42/55 MP: 8/8
  5586 | D:6      | Identified a scroll of acquirement
  5586 | D:6      | Acquired a +6 ring of strength
  5934 | D:6      | Reached skill level 7 in Unarmed Combat
  6874 | D:6      | Reached skill level 8 in Unarmed Combat
  7123 | D:7      | Reached XP level 9. HP: 61/61 MP: 9/9
  7198 | D:7      | Found Haen Juefam's Assorted Antiques.
  7655 | D:7      | Found a staircase to the Ecumenical Temple.
  7665 | Temple   | Found a transporter.
  7665 | Temple   | Found a transporter.
  7665 | Temple   | Found a transporter.
  7665 | Temple   | Found a transporter.
  7665 | Temple   | Entered the Ecumenical Temple
  7686 | Temple   | Became a worshipper of Uskayaw the Reveller
  7893 | D:7      | Reached * piety under Uskayaw
  7897 | D:7      | Reached ** piety under Uskayaw
  8159 | D:7      | Reached *** piety under Uskayaw
  8165 | D:7      | Reached **** piety under Uskayaw
  8168 | D:7      | Reached ***** piety under Uskayaw
  8291 | D:7      | Shot with an arrow by a centaur

Illustrated notes

Levels and vault maps discovered:
D:1:      dpeg_arrival_rhombus, layout_basic
D:2:      layout_rooms, basic_altar, dreamdust_wishing_well, st_stairs_2
D:3:      minmay_thinvault, layout_basic, serial_shops, shop_scrolls,
          ebering_ghost_rock_garden, uniq_robin
D:4:      layout_cave_pools, mainiacjoe_overflow_surrounded_room,
          pdpol_wu_jian_five_deadly_venoms, chequers_jeans,
          kennysheep_generic_room_12
D:5:      layout_loops_corners, nicolae_vehumet_radiance,
          cheibrodos_sewer_entry_bend, hangedman_decor_peaks_small,
          chequers_serial_rivers_large_a, kennysheep_nub, grunt_ministairs_14
D:6:      layout_loops_ring
D:7:      layout_basic, minmay_temple_entry_crystal_x, serial_shops,
          nicolae_shop_behind_doors, minmay_nine_imps
Temple:   hellmonk_temple_divided_pantheon

Skill      XL: |  1  2  3  4  5  6  7  8  9 |
---------------+----------------------------+-----
Unarmed Combat | 4 5 6 8 |  8.7
Fighting       | 2 3 4 5 |  5.0
Shapeshifting  | 4 5 6 7 |  7.0
Dodging        | 3 4 |  4.0

Action                     |  1- 3 |  4- 6 |  7- 9 || total
---------------------------+-------+-------+-------++-------
  Melee: Unarmed           |    61 |    62 |   111 ||   234
         Tentacles         |    12 |    12 |    28 ||    52
         Constrict         |    16 |    15 |    27 ||    58
         Punch             |       |     1 |     4 ||     5
   Fire: Sling             |     3 |   100 |   145 ||   248
  Throw: Stone             |     6 |       |       ||     6
    Use: Scroll            |       |       |    16 ||    16
   Stab: Sleeping          |     7 |       |       ||     7
         Paralysed         |       |       |     3 ||     3
 Armour: Skin              |    25 |    33 |    76 ||   134
  Dodge: Dodged            |    34 |    40 |   103 ||   177

Table legend: (Time is in decaauts)
 A = Elapsed time spent in this place.
 B = Non-inter-level travel time spent in this place.
 C = Inter-level travel time spent in this place.
 D = Time resting spent in this place.
 E = Time spent auto-exploring this place.
 F = Levels seen in this place.
 G = Mean time per level.
                   A        B        C        D        E       F      G
               +--------+--------+--------+--------+--------+-----+--------+
         Total |   8327 |   7825 |    502 |   1008 |   5160 |   9 |  925.2 |
       Dungeon |   8172 |   7684 |    488 |   1008 |   5088 |   7 | 1167.4 |
        Temple |     37 |     23 |     14 |      0 |      0 |   1 |   37.0 |
         Sewer |    117 |    117 |      0 |      0 |     72 |   1 |  117.0 |
               +--------+--------+--------+--------+--------+-----+--------+

Top non-repeatable levels by time:
     D:5: 1675 daAuts
     D:6: 1485 daAuts
     D:3: 1193 daAuts
     D:1: 1173 daAuts
     D:7: 1086 daAuts
     D:4: 891 daAuts
     D:2: 665 daAuts
   Sewer: 117 daAuts
  Temple: 37 daAuts
